 Dungeon Crawl Stone Soup version 0.30-a0-1016-gfb0d676c02 (webtiles) character file.

Game seed: 4792145246814203742

163 vishdafish the Conjurer (level 5, -2/35 HPs)
             Began as a Demonspawn Conjurer on Apr 6, 2023.
             Killed from afar by Sigmund (9 damage)
             ... with a bolt of light
             ... on level 2 of the Dungeon.
             The game lasted 00:03:03 (2796 turns).

vishdafish the Conjurer (Demonspawn Conjurer)       Turns: 2796, Time: 00:03:03

Health: -2/35      AC: 12    Str:  8    XL:     5   Next: 20%
Magic:  8/10       EV: 12    Int: 21    God:
Gold:   83         SH:  0    Dex: 11    Spells: 10/11 levels left

rFire   . . .      SeeInvis .    l - +1 trident (protect)
rCold   . . .      Faith    .    (no shield)
rNeg    . . .      Spirit   .    a - +0 robe
rPois   .          Reflect  .    m - +0 helmet
rElec   .          Rampage  .    g - scarf {harm}
rCorr   .          Harm     + .  (no gloves)
Will    .....                    (no boots)
Stlth   ++                       (no amulet)
HPRegen 0.25/turn                (no ring)
MPRegen 0.12/turn                (no ring)

@: mighty, sanguine armoured, hasted, very quick
A: sanguine armour 2
a: no special abilities


You were on level 2 of the Dungeon.
You visited 1 branch of the dungeon, and saw 2 of its levels.

You collected 83 gold pieces.

Inventory:

Hand Weapons
 c - a +0 dagger
 l - a +1 trident of protection (weapon)
Armour
 a - a +0 robe (worn)
 g - a scarf of harm (worn)
 m - a +0 helmet (worn)
Scrolls
 d - a scroll of immolation {unknown}
 e - a scroll of amnesia {unknown}
 f - 2 scrolls of teleportation {unknown}
 i - a scroll of magic mapping {unknown}
 j - a scroll of identify {unknown}
 k - a scroll of poison {unknown}
 n - a scroll of enchant armour {unknown}


   Skills:
 - Level 1.7 Dodging
 - Level 1.7 Stealth
 + Level 3.8 Spellcasting
 + Level 5.4 Conjurations


You had 10 spell levels left.
You knew the following spells:

 Your Spells              Type           Power      Damage    Failure   Level
a - Magic Dart            Conj           100%       1d8       1%          1

Your spell library contained the following spells:

 Spells                   Type           Power      Damage    Failure   Level
 Searing Ray              Conj           52%        2d6       1%          2
 Dazzling Flash           Conj/Hex       30%        N/A       12%         3
 Fulminant Prism          Conj/Hex       7%         3d7       36%         4
 Iskenderun's Mystic Bla  Conj/Tloc      15%        2d5       36%         4


Dungeon Overview and Level Annotations

Branches:
Dungeon (2/15)

Altars:

Annotations:
D:2 Sigmund


Innate Abilities, Weirdness & Mutations

When seriously injured, your blood forms thick armour. (AC +9)


Message History

Sigmund zaps a wand.
The bolt of light hits you!
Your blood congeals into armour.
The magic dart hits Sigmund.
Sigmund is moderately wounded.
Sigmund points at you and mumbles some strange words.
You resist with some effort.
The magic dart hits Sigmund but does no damage.
Sigmund is moderately wounded.
Sigmund zaps a wand.
The bolt of light hits you!
* * * LOW HITPOINT WARNING * * *
You are too injured to fight recklessly!
You are too injured to fight recklessly!
It was a potion of might.
You feel very mighty all of a sudden.
It was a potion of haste.
You feel yourself speed up.
You start resting.
Sigmund is nearby!
You are too injured to fight recklessly!
You aren't carrying any items that you can evoke.
Sigmund hits you but does no damage.
You hit Sigmund.
Your weapon exudes an aura of protection.
Sigmund is moderately wounded.
You hit Sigmund but do no damage.
Sigmund is moderately wounded.
Sigmund closely misses you.
You barely miss Sigmund.
Sigmund is moderately wounded.
You barely miss Sigmund.
Sigmund is moderately wounded.
Sigmund hits you but does no damage.
You completely miss Sigmund.
Sigmund is moderately wounded.
Sigmund hits you but does no damage.
You barely miss Sigmund.
Sigmund is moderately wounded.
You barely miss Sigmund.
Sigmund is moderately wounded.
Sigmund zaps a wand.
The bolt of light hits you!
You die...

##.# ####.#
##.....#.# #.#
#.#####...##.#
####.#
#####........##
.....#
#........###.#
.#####
#.###.##.# .#
.# #.# #......
.# #.#
#.##.##.. .#
#.# #.##.# ..
.# #@###..... .
.# #.@......#
.# ##########
##


You could see Sigmund.

Vanquished Creatures
  Natasha (twice) (D:2)
  An orc wizard (D:2)
  Robin (D:2)
  2 adders (D:2)
  2 worms (D:2)
  A dart slug (D:1)
  4 orcs
  3 ball pythons
  5 bats
  5 endoplasms
  2 giant cockroaches (D:1)
  5 goblins
  6 hobgoblins
  2 kobolds (D:1)
  A quokka (D:2)
  4 frilled lizards
  3 rats
49 creatures vanquished.

Notes
Turn   | Place    | Note
-------+----------+-------------------------------------------
     0 | D:1      | vishdafish the Demonspawn Conjurer began the quest for the
                  | Orb.
     0 | D:1      | Reached XP level 1. HP: 13/13 MP: 3/3
   292 | D:1      | Gained mutation: When seriously injured, your blood forms
                  | armour. (AC +9) [demonic ancestry]
   292 | D:1      | Reached XP level 2. HP: 19/19 MP: 3/5
  1455 | D:1      | Gained mutation: When seriously injured, your blood forms
                  | thick armour. (AC +9) [demonic ancestry]
  1455 | D:1      | Reached XP level 3. HP: 16/24 MP: 0/7
  1657 | D:2      | Reached XP level 4. HP: 30/30 MP: 3/8
  1817 | D:2      | Noticed Natasha
  1822 | D:2      | Killed Natasha
  1823 | D:2      | Reached skill level 5 in Conjurations
  1993 | D:2      | Noticed Natasha
  1997 | D:2      | Killed Natasha
  2536 | D:2      | Reached XP level 5. HP: 33/35 MP: 10/10
  2558 | D:2      | Noticed Robin
  2571 | D:2      | Killed Robin
  2779 | D:2      | Noticed Sigmund
  2796 | D:2      | Killed from afar by Sigmund

Illustrated notes

Levels and vault maps discovered:
D:1:      evilmike_arrival_plus, layout_loops_corners
D:2:      layout_loops_corners, basic_altar, uniq_sigmund, uniq_robin,
          uniq_natasha

Skill      XL: |  1  2  3  4 |
---------------+-------------+-----
Spellcasting   | 3 |  3.8
Conjurations   | 5 |  5.4
Dodging        | |  1.7
Stealth        | |  1.7

Action                     |  1- 3 |  4- 6 || total
---------------------------+-------+-------++-------
  Melee: Unarmed           |    14 |       ||    14
         Dagger            |    31 |       ||    31
         Trident           |       |    45 ||    45
   Cast: Magic Dart        |    66 |    36 ||   102
    Use: Potion            |     1 |     2 ||     3
   Stab: Sleeping          |       |     1 ||     1
 Armour: Robe              |    35 |    21 ||    56
  Dodge: Dodged            |    62 |    44 ||   106

Table legend: (Time is in decaauts)
 A = Elapsed time spent in this place.
 B = Non-inter-level travel time spent in this place.
 C = Inter-level travel time spent in this place.
 D = Time resting spent in this place.
 E = Time spent auto-exploring this place.
 F = Levels seen in this place.
 G = Mean time per level.
                   A        B        C        D        E       F      G
               +--------+--------+--------+--------+--------+-----+--------+
         Total |   2811 |   2742 |     69 |    110 |   2233 |   2 | 1405.5 |
       Dungeon |   2811 |   2742 |     69 |    110 |   2233 |   2 | 1405.5 |
               +--------+--------+--------+--------+--------+-----+--------+

Top non-repeatable levels by time:
     D:1: 1501 daAuts
     D:2: 1310 daAuts
